 Dungeon Crawl Stone Soup version 0.24-a0-139-geb6712d (webtiles) character file.

Game seed: 4068081433526408056

108 silenth the Gusty (level 4, -2/24 HPs)
             Began as a Tengu Air Elementalist on Mar 3, 2019.
             Killed from afar by Sigmund (6 damage)
             ... with a puff of flame
             ... on level 3 of the Dungeon.
             The game lasted 00:03:11 (2803 turns).

silenth the Gusty (Tengu Air Elementalist)          Turns: 2803, Time: 00:03:12

Health: -2/24      AC:  2    Str:  9    XL:     4   Next: 87%
Magic:  1/9        EV: 12    Int: 16    God:
Gold:   122        SH:  0    Dex: 14    Spells: 1/9 levels left

rFire    . . .     SeeInvis .   c - +2 short sword (freeze)
rCold    . . .     Gourm    .   (no shield)
rNeg     . . .     Faith    .   a - +0 robe
rPois    .         Spirit   .   (helmet restricted)
rElec    .         Reflect  .   (no cloak)
rCorr    .         Harm     .   (no gloves)
MR       .....                  (boots unavailable)
Stlth    ++........             (no amulet)
HPRegen  0.08/turn              (no ring)
MPRegen  0.11/turn              (no ring)

@: very slightly contaminated
A: beak, talons 3
a: no special abilities


You were on level 3 of the Dungeon.
You were not hungry.

You visited 1 branch of the dungeon, and saw 3 of its levels.

You collected 122 gold pieces.

Inventory:

Hand Weapons
 b - a +0 dagger
 c - a +2 short sword of freezing (weapon)
Armour
 a - a +0 robe (worn)
Scrolls
 d - 2 scrolls of remove curse {unknown}
 g - 3 scrolls of enchant weapon {unknown}
 h - a scroll of identify {unknown}
 i - a scroll of fear {unknown}
Potions
 f - a potion of flight {unknown}
Comestibles
 e - a ration


   Skills:
 - Level 2.1 Dodging
 - Level 2.0 Stealth
 + Level 3.0 Spellcasting
 + Level 3.5 Conjurations
 + Level 5.2 Air Magic


You had one spell level left.
You knew the following spells:

 Your Spells              Type           Power        Failure   Level  Hunger
a - Shock                 Conj/Air       ###.         3%          1    #......
b - Static Discharge      Conj/Air       ###.....     9%          3    ###....
c - Airstrike             Air            ###.......   22%         4    #####..

Your spell library contained the following spells:

 Spells                   Type           Power        Failure   Level  Hunger
 Swiftness                Chrm/Air       ##......     10%         2    ##.....
 Lightning Bolt           Conj/Air       ###.......   63%         5    ######.


Dungeon Overview and Level Annotations

Branches:
Dungeon (3/15)

Altars:
Fedhas

Annotations:
D:3 Sigmund


Innate Abilities, Weirdness & Mutations

You have a beak for a mouth.
You have claws for feet.


Message History

The lightning grounds out.
Something completely misses you. The orc closely misses you.
Casting: Static Discharge (safe; 10% risk of failure)
Confirm with . or Enter, or press ? or * to list all spells.
The orc is struck by an arc of lightning.
You kill the orc!
You are struck by an arc of lightning.
The lightning grounds out.
Something hits you.
Casting: Static Discharge (safe; 9% risk of failure)
Confirm with . or Enter, or press ? or * to list all spells.
You miscast Static Discharge.
You are very lightly contaminated with residual magic.
You smell something strange.
The orc barely misses you.
Sorry, you're not good enough to have a special ability.
A magic dart appears from out of thin air!
The magic dart hits you.
* * * LOW HITPOINT WARNING * * *
A puff of flame appears from out of thin air!
The puff of flame hits you.
You die...

#.# #...##.# #..#(...#
#.# #...##.#
######....##.# #.#
#...##.# #....#.#####.#
### #...##.#
#.##.#.#.....#
######.####.#..#.#.#####
#......#....#.#
############......#
..#....#........#.#
▒▒▒▒▒▒.#.....@#.####.#.#
.......####...#......###
.......#...o..########
.........#.#..........
.........#o#.#########
.......o{#.#......#
.o.....#o#....###.#
.......#.#o.>......
▒▒▒▒▒▒.#......###.#


You could see 2 orcs.

Vanquished Creatures
  4 adders
  2 worms (D:2)
  A dart slug (D:1)
  2 orcs (D:3)
  9 giant cockroaches
  9 goblins
  4 hobgoblins
  A ball python (D:3)
  9 bats
  5 frilled lizards (D:1)
  7 kobolds
  9 rats
62 creatures vanquished.

Notes
Turn   | Place    | Note
-------+----------+-------------------------------------------
     0 | D:1      | silenth the Tengu Air Elementalist began the quest for the
                  | Orb.
     0 | D:1      | Reached XP level 1. HP: 10/10 MP: 4/4
   406 | D:1      | Reached XP level 2. HP: 15/15 MP: 4/6
   442 | D:1      | Reached skill level 2 in Conjurations
  1011 | D:1      | Reached XP level 3. HP: 19/19 MP: 2/7
  1067 | D:1      | Learned a level 3 spell: Static Discharge
  1472 | D:2      | Reached skill level 3 in Conjurations
  1547 | D:2      | Reached XP level 4. HP: 24/24 MP: 9/9
  1572 | D:2      | Learned a level 4 spell: Airstrike
  1620 | D:2      | Reached skill level 5 in Air Magic
  2372 | D:2      | Reached skill level 3 in Spellcasting
  2567 | D:3      | Found a blossoming altar of Fedhas.
  2783 | D:3      | Noticed Sigmund
  2803 | D:3      | Killed from afar by Sigmund

Levels and vault maps discovered:
D:1:      minmay_arrival_arboretum_small, layout_basic, minmay_worlds_worst_comb
D:2:      layout_loops_cross
D:3:      cheibrodos_pilgrimage, layout_basic, minmay_crystal_water,
          fedhas_altar_3, uniq_grinder, uniq_robin, uniq_sigmund

Skill      XL: |  1  2  3  4 |
---------------+-------------+-----
Conjurations   | 2 3 |  3.5
Air Magic      | 5 |  5.2
Spellcasting   | 3 |  3.0
Dodging        | |  2.1
Stealth        | |  2.0

Action                   |  1- 3 |  4- 6 || total
-------------------------+-------+-------++-------
Melee: Dagger            |     8 |       ||     8
       Kick              |     5 |     3 ||     8
       Unarmed           |     1 |       ||     1
       Short sword       |    10 |    22 ||    32
       Peck              |       |     4 ||     4
 Cast: Shock             |    65 |    21 ||    86
       Static Discharge  |       |     2 ||     2
 Stab: Sleeping          |     2 |     4 ||     6
  Eat: Chunk             |     3 |     4 ||     7
Armor: Robe              |     5 |     2 ||     7
Dodge: Dodged            |    25 |    14 ||    39

Table legend:
 A = Non-vault XP
 B = Vault XP
 C = Vault XP percentage of total XP
 D = Non-vault monster count
 E = Vault monster count
 F = Vault count percentage of total count
                 A         B        C        D         E       F
            +---------+---------+-------+---------+---------+-------
      Total |     137 |      18 |  11.6 |      54 |       8 |  12.9
            +---------+---------+-------+---------+---------+-------
        D:1 |      47 |      12 |  20.3 |      31 |       6 |  16.2
        D:2 |      69 |       0 |   0.0 |      17 |       0 |   0.0
        D:3 |      21 |       6 |  22.2 |       6 |       2 |  25.0
            +---------+---------+-------+---------+---------+-------
